Cogmind - Beta 9.2 --- EXPLORER MODE // 2019.11.16 @ 15:08:29 Player: viper Result: Core destroyed Performance ------------- Evolutions (5) 2500 Regions Visited (10) 2000 Robots Destroyed (231) 1155 Value Destroyed (9085) 9085 Prototype IDs (21) 420 Alien Tech Used (0) 0 Bonus (1408) 1408 TOTAL SCORE: 16568 Bonus ------- High Alert Combat Kills 37 Follower Combat Kills 720 A7 Reached Mainframe 300 Met R17 at Cetus 500 Friendly Fire -149 Cogmind --------- Core Integrity 0/1000 Matter 450/550 Energy 311/1110 System Corruption 3% Temperature Cool (1030) Movement Treading (180) Ox1 Location -5/Hub_04(d) Parts ------- > --- POWER (2) -------- Reinforced Fission Core > --- PROPULSION (4) --- Heavy Treads > --- UTILITY (9) ------ High-capacity Storage Unit Advanced Energy Well Matter Compressor Improved Target Analyzer Improved Core Analyzer Centrium Medium Armor Plating Centrium Medium Armor Plating Centrium Medium Armor Plating System Backup Module > --- WEAPON (3) ------- Force Rifle Railgun Improved KE Penetrator > --- INVENTORY (12) --- Large Matter Pod (150) High-capacity Matter Pod (200) Centrium Medium Armor Plating Improved System Shield Force Rifle Phase Cannon KE Penetrator Advanced Datajack Peak State ------------ > --- POWER ------------ Reinforced Fission Core Light Antimatter Reactor > --- PROPULSION ------- Heavy Treads Centrium Heavy Treads > --- UTILITY ---------- High-capacity Storage Unit Advanced Energy Well Matter Compressor Improved Target Analyzer Improved Core Analyzer Centrium Medium Armor Plating Centrium Medium Armor Plating Centrium Medium Armor Plating System Backup Module > --- WEAPON ----------- Force Rifle KE Penetrator Improved KE Penetrator > --- INVENTORY -------- Large Matter Pod High-capacity Matter Pod Centrium Medium Armor Plating Improved System Shield Force Rifle Phase Cannon Railgun Advanced Datajack [Rating: 122] Favorites ----------- Power Ion Engine Engine Ion Engine Power Core Micro Fission Core Reactor Light Antimatter Reactor Propulsion Aluminum Leg Treads Heavy Treads Leg Aluminum Leg Flight Unit Improved VTOL Module Utility High-capacity Storage Unit Device Coolant Injector Storage High-capacity Storage Unit Processor Advanced Targeting Computer Hackware System Shield Protection Improved Core Shielding Weapon Assault Cannon Energy Gun Lightning Gun Energy Cannon Plasma Cannon Ballistic Gun Autogun Ballistic Cannon Assault Cannon Build | -11 -10 -9 -8 -7 -6 -5 -5 -5 -5 -5 ------- Run | Scr Mat Mat Mat Fac Fac Fac Ext Cet Arc Hub Slots Evolved 11 | . 1 2 2 2 2 2 . . . . Power 1 | . . . 1 . . . . . . . Propulsion 2 | . . . . . 2 . . . . . Utility 7 | . 1 2 1 1 . 2 . . . . Weapon 1 | . . . . 1 . . . . . . Parts Attached 152 | 7 8 15 5 24 26 26 6 25 5 5 Power 28 | 1 1 3 2 4 6 5 1 4 1 . Engine 18 | 1 1 3 2 3 6 2 . . . . Core 7 | . . . . 1 . 3 1 2 . . Reactor 3 | . . . . . . . . 2 1 . Propulsion 38 | 2 3 2 1 5 14 8 . 3 . . Treads 6 | . . . . . . 3 . 3 . . Leg 29 | 2 3 2 1 5 11 5 . . . . Wheel . | . . . . . . . . . . . Hover . | . . . . . . . . . . . Flight 3 | . . . . . 3 . . . . . Utility 43 | 2 2 4 2 5 3 7 3 9 3 3 Device 5 | . . . . . 1 1 1 1 1 . Storage 9 | 1 1 2 . 2 . 2 . 1 . . Processor 11 | 1 . . 1 3 . 3 1 1 . 1 Hackware 1 | . . . . . . 1 . . . . Protection 17 | . 1 2 1 . 2 . 1 6 2 2 Artifact . | . . . . . . . . . . . Weapon 43 | 2 2 6 . 10 3 6 2 9 1 2 Energy Gun 11 | 1 . 1 . 1 1 4 . 1 1 1 Energy Cannon 5 | . . . . 2 1 1 . 1 . . Ballistic Gun 15 | 1 . . . 2 1 1 2 7 . 1 Ballistic Cannon 12 | . 2 5 . 5 . . . . . . Launcher . | . . . . . . . . . . . Special Weapon . | . . . . . . . . . . . Impact Weapon . | . . . . . . . . . . . Slashing Weapon . | . . . . . . . . . . . Piercing Weapon . | . . . . . . . . . . . Special Melee Weapon . | . . . . . . . . . . . Unidentified Prototypes 8 | . . 2 . . 1 . . 5 . . Parts Lost 45 | . . . 1 12 7 14 2 5 2 2 Power 10 | . . . . 2 3 2 . 1 1 1 Propulsion 7 | . . . 1 2 . 3 . . . 1 Utility 10 | . . . . 4 1 3 . 1 1 . Weapon 18 | . . . . 4 3 6 2 3 . . Highest Loss Streak 7 | . . . 1 6 3 7 2 3 2 2 Average Slot Usage (%) 94 | . 99 99 99 94 97 92 84 87 87 87 Engine 7 | . 12 9 16 10 7 5 5 . . . Core 3 | . . . . 2 2 4 5 8 5 5 Treads 2 | . . . . . . . 11 11 11 10 Leg 14 | . 25 20 15 13 21 19 . . . . Device 2 | . . . . . 1 5 8 6 4 5 Storage 17 | . 12 20 16 24 20 10 11 12 16 16 Processor 13 | . 12 10 8 14 13 15 16 19 15 10 Protection 11 | . 12 19 24 9 7 10 9 10 11 15 Energy Gun 3 | . 3 . . . 6 4 7 3 3 5 Energy Cannon 1 | . . . . 1 3 1 5 1 1 . Ballistic Gun 6 | . 3 . . 6 8 5 3 11 11 11 Ballistic Cannon 6 | . 16 19 16 10 . . . . . . Naked Turns . | . . . . . . . . . . . Heaviest Build 115 | 16 28 56 62 70 89 88 80 115 115 111 Greatest Support 160 | 20 20 23 23 35 75 140 140 160 150 150 Greatest Overweight (x) 6 | 2 1 2 6 6 3 2 . 1 . . Average Overweight (x) 1 | . . 1 2 2 1 . . . . . Largest Inventory Capacity 12 | 8 10 12 12 12 12 12 12 12 12 12 Average Capacity 11 | 7 8 11 12 12 12 11 12 12 12 12 Most Carried 12 | 4 8 12 11 10 12 12 12 12 9 8 Average Carried 9 | 1 6 9 10 5 11 10 10 11 7 7 Final Capacity 12 | 8 10 12 12 12 12 12 12 12 12 12 Final Carried 12 | 4 8 12 10 9 12 10 12 7 8 8 Class Distribution -------------------- 45% | Scavenger-Gunner 26% | Mutant 17% | Scavenger-Mutant 4% | Tank 3% | Gunner Dominant Class ---------------- Mutant | -10/Materials Mutant | -9/Materials Mutant | -8/Materials Scavenger-Mutant | -7/Factory Scavenger-Gunner | -6/Factory Scavenger-Gunner | -5/Factory Scavenger-Gunner | -5/Extension Scavenger-Gunner | -5/Cetus Scavenger-Gunner | -5/Archives Scavenger-Tank | -5/Hub_04(d) Resources | -11 -10 -9 -8 -7 -6 -5 -5 -5 -5 -5 ----------- Run | Scr Mat Mat Mat Fac Fac Fac Ext Cet Arc Hub Matter Collected 6010 | 240 380 1165 397 1042 902 686 138 578 268 214 Remotely . | . . . . . . . . . . . Salvage Created 10470 | . 174 1148 721 885 2200 1831 706 1401 478 926 Parts 517 | . 11 72 31 54 113 79 26 76 23 32 Haulers Intercepted 7 | . . 6 1 . . . . . . . Recyclers Shooed 4 | . . . . . 1 3 . . . . Parts Field Recycled . | . . . . . . . . . . . Retrieved Matter . | . . . . . . . . . . . Parts Self-Destructed . | . . . . . . . . . . . Prevented . | . . . . . . . . . . . Kills | -11 -10 -9 -8 -7 -6 -5 -5 -5 -5 -5 ------- Run | Scr Mat Mat Mat Fac Fac Fac Ext Cet Arc Hub Combat Hostiles Destroyed 162 | . 6 22 15 21 32 22 8 27 4 5 Guns 87 | . 3 . . 4 22 19 4 26 4 5 Cannons 67 | . 3 22 15 17 5 1 3 1 . . AOE 7 | . . . . . 5 2 . . . . Classes Destroyed 13 | . 2 8 1 1 1 . . . . . Worker 16 | . . 7 . 3 2 2 1 . . 1 Builder 10 | . . 1 3 1 3 1 . . . 1 Hauler 7 | . . 6 1 . . . . . . . Recycler 12 | . . 2 1 1 2 3 . . . 3 Operator 6 | . . . 1 . 2 1 . . 2 . Watcher 17 | . . 3 3 2 4 1 1 1 . 2 Swarmer 25 | . 1 3 . 2 7 3 . 9 . . Grunt 72 | . 5 7 10 13 13 10 3 8 . 3 Brawler 8 | . . 3 2 . 2 . . 1 . . Duelist 2 | . . 1 . . . 1 . . . . Sentry 30 | . . 8 3 2 4 3 4 . 4 2 Hunter 9 | . . . . . 3 2 . 4 . . Programmer 10 | . . . . 4 3 3 . . . . Cetus Guard 5 | . . . . . . . . 5 . . Thug 1 | . . . . . . . 1 . . . Savage 1 | . . . . . . . 1 . . . Best Kill Streak 9 | . 2 9 8 4 4 5 4 4 2 7 Combat Bots Only 6 | . 2 5 6 4 3 4 3 4 1 4 Max Kills in Single Turn 3 | . 1 2 2 2 3 2 2 2 1 2 Gunslinging 1 | . . . . . . . . 1 . . Exploded 2 | . . . . . 2 2 . . . . Melee . | . . . . . . . . . . . Uniques/NPCs Destroyed . | . . . . . . . . . . . Combat | -11 -10 -9 -8 -7 -6 -5 -5 -5 -5 -5 -------- Run | Scr Mat Mat Mat Fac Fac Fac Ext Cet Arc Hub Damage Taken 9405 | . 139 408 374 1779 1422 1453 374 1491 844 1121 Core 1713 | . 18 59 26 323 153 100 12 183 334 505 Absorbed by Shields 236 | . . . . . . . 85 151 . . Core Remaining (%) 84 | 100 92 85 95 53 82 . . . . . Volleys Fired 554 | . 19 82 54 68 83 122 24 48 26 28 Largest 3 | . 2 2 2 3 3 3 3 3 3 3 Hottest 215 | . 70 88 88 147 163 163 215 158 158 148 Shots Fired 1254 | . 38 166 108 162 229 204 67 137 70 73 Gun 740 | . 22 . . 36 186 196 43 120 64 73 Cannon 514 | . 16 166 108 126 43 8 24 17 6 . Launcher . | . . . . . . . . . . . Special . | . . . . . . . . . . . Kinetic 868 | . 27 166 108 143 117 96 12 101 50 48 Thermal 191 | . 11 . . 19 43 13 24 36 20 25 Explosive . | . . . . . . . . . . . Electromagnetic 195 | . . . . . 69 95 31 . . . Robot Hit Streak 52 | . 12 52 44 23 52 48 22 31 23 50 Robot Miss Streak 3 | . 1 2 2 2 3 2 1 2 1 2 Penetration Max 1 | . . . . . . 1 1 1 1 1 Secondary Targets 16 | . 2 . . . 2 . . 10 1 1 Max Gunslinging Chain 1 | . 1 . . . 1 . . 1 1 1 Shots Hit Robots 1036 | . 33 131 80 129 196 171 55 110 63 68 Core Hits 506 | . 11 49 34 50 137 98 23 56 23 25 Critical Hits 69 | . . 1 2 3 10 6 6 19 6 16 Critical Kills 27 | . . 1 1 1 4 4 3 8 2 3 Critical Parts Destroyed 31 | . . . 1 2 5 1 2 8 2 10 Melee Attacks . | . . . . . . . . . . . Impact . | . . . . . . . . . . . Slashing . | . . . . . . . . . . . Piercing . | . . . . . . . . . . . Sneak Attacks . | . . . . . . . . . . . Combat Hostiles . | . . . . . . . . . . . Follow-up Attacks . | . . . . . . . . . . . Damage Inflicted 23125 | 1 433 2257 1936 2767 4470 3451 1447 2915 1556 1892 Guns 13289 | . 217 . . 519 3008 2996 836 2422 1399 1892 Cannons 8765 | . 216 2257 1936 2077 861 170 598 493 157 . Explosions 1013 | . . . . 158 598 257 . . . . Melee . | . . . . . . . . . . . Ramming 58 | 1 . . . 13 3 28 13 . . . Kinetic 15241 | . 309 2257 1936 2208 1985 1908 346 1912 1086 1294 Thermal 4723 | . 124 . . 388 1129 413 598 1003 470 598 Explosive 488 | . . . . 158 330 . . . . . Electromagnetic 2615 | . . . . . 1023 1102 490 . . . Impact . | . . . . . . . . . . . Slashing . | . . . . . . . . . . . Piercing . | . . . . . . . . . . . Highest Corruption 5 | . . 5 . 4 4 5 5 5 5 5 Average Corruption 3 | . . 3 . 3 3 1 5 5 5 4 Corruption Purged 2 | . . . . . . . . . . 2 Effects 143 | . . 9 . 27 9 12 25 34 19 8 Message Errors 35 | . . 3 . 7 3 2 5 10 5 . Matter Fused 26 | . . 3 . 7 2 2 5 3 2 2 Heat Flow Errors 11 | . . . . 3 . 1 2 1 3 1 Energy Discharges 11 | . . . . 3 . . 1 5 1 1 Parts Rejected 2 | . . . . . . 1 . 1 . . Data Loss (minor) 13 | . . 1 . 3 1 1 4 3 . . Misfires 4 | . . 2 . . . . . 2 . . Targeting Errors 37 | . . . . 4 3 5 8 9 7 1 Weapon Failures 4 | . . . . . . . . . 1 3 Overload Shots . | . . . . . . . . . . . Overflow Damage 263 | . 12 52 76 44 68 11 . . . . Projectiles 185 | . 12 52 76 44 1 . . . . . Explosions 78 | . . . . . 67 11 . . . . Melee . | . . . . . . . . . . . Knockbacks 66 | . 3 16 22 25 . . . . . . Impact . | . . . . . . . . . . . Kinetic 62 | . 3 14 21 24 . . . . . . Secondary 4 | . . 2 1 1 . . . . . . Self-Inflicted Damage 201 | . . . . 6 132 63 . . . . Shots 6 | . . . . . 4 2 . . . . Rammed 6 | 1 . . . 2 . . 3 . . . Targets Rammed 13 | 1 . . . 2 1 6 3 . . . Kicked 7 | . . . . . 1 6 . . . . Crushed . | . . . . . . . . . . . Highest Temperature 1030 | . 272 54 399 584 550 199 258 560 676 1030 Average Temperature 155 | . 98 21 110 179 129 95 116 173 298 315 Received Heat Transfer 2780 | . 120 216 333 729 327 288 121 214 144 288 Effects 160 | . . . 1 31 9 . . 14 55 50 Shutdowns 50 | . . . 1 11 5 . . 3 17 13 Energy Bleed 13 | . . . . . . . . . 8 5 Interference 29 | . . . . 9 2 . . 1 14 3 Matter Decay 10 | . . . . 1 . . . 1 4 4 Short Circuit 14 | . . . . 5 . . . 3 2 4 Damage (minor) 12 | . . . . 1 . . . 2 5 4 Damage (major) 26 | . . . . 3 2 . . 4 3 14 Damage (core) 6 | . . . . 1 . . . . 2 3 Siege Activations . | . . . . . . . . . . . Robots Corrupted 1 | . . . . . . . 1 . . . Combat Hostiles 1 | . . . . . . . 1 . . . Parts Fried 13 | . . . . . 5 7 1 . . . Impact Corruptions . | . . . . . . . . . . . Robots Melted . | . . . . . . . . . . . Combat Hostiles . | . . . . . . . . . . . Parts Melted 7 | . . . . 1 1 . 1 1 1 2 Heat Transferred 6988 | . 370 . . 666 1950 561 666 1184 666 925 Parts Sabotaged . | . . . . . . . . . . . Parts Stolen . | . . . . . . . . . . . Parts Stripped . | . . . . . . . . . . . Power Chain Reactions 5 | . . . . . 3 2 . . . . Missiles Intercepted . | . . . . . . . . . . . Alert | -11 -10 -9 -8 -7 -6 -5 -5 -5 -5 -5 ------- Run | Scr Mat Mat Mat Fac Fac Fac Ext Cet Arc Hub Peak Influence 665 | . 100 365 427 280 665 331 236 365 168 206 Average Influence 136 | . 40 136 227 88 173 136 94 218 89 70 Maximum Alert Level 2 | . . 1 2 1 2 1 1 1 . 1 Low Security (%) 75 | 100 100 80 38 90 70 77 72 43 100 97 Level 1 21 | . . 19 55 9 16 22 27 56 . 2 Level 2 3 | . . . 6 . 12 . . . . . Level 3 . | . . . . . . . . . . . Level 4 . | . . . . . . . . . . . Level 5 . | . . . . . . . . . . . High Security . | . . . . . . . . . . . Max Security . | . . . . . . . . . . . Squads Dispatched 35 | . 3 3 3 7 13 4 1 1 . . Investigation 22 | . 3 3 1 4 7 2 1 1 . . Extermination 8 | . . . . 3 3 2 . . . . Reinforcement 5 | . . . 2 . 3 . . . . . Assault . | . . . . . . . . . . . Garrison . | . . . . . . . . . . . Intercept . | . . . . . . . . . . . Construction Impeded 1 | . . . . . 1 . . . . . Haulers Reinforced . | . . . . . . . . . . . Stealth | -11 -10 -9 -8 -7 -6 -5 -5 -5 -5 -5 --------- Run | Scr Mat Mat Mat Fac Fac Fac Ext Cet Arc Hub Distress Signals 8 | . 1 2 . . . 1 1 2 1 . Communications Jammed . | . . . . . . . . . . . Distress Signals . | . . . . . . . . . . . Times Spotted 234 | . 10 25 23 27 44 32 21 34 9 9 Peak Tracking Total 6 | . 4 2 6 6 4 4 6 5 1 5 Tactical Retreats 14 | . 1 . 1 2 4 5 1 . . . Traps | -11 -10 -9 -8 -7 -6 -5 -5 -5 -5 -5 ------- Run | Scr Mat Mat Mat Fac Fac Fac Ext Cet Arc Hub Traps Triggered 5 | . . 1 . 1 1 1 . . . 1 Indirectly . | . . . . . . . . . . . Trap Hack Attempts . | . . . . . . . . . . . Triggered . | . . . . . . . . . . . Disarmed 6 | . . . . . . . 6 . . . Reprogrammed . | . . . . . . . . . . . Reused . | . . . . . . . . . . . Traps Extracted . | . . . . . . . . . . . Installed . | . . . . . . . . . . . Triggered 3 | . . . . . 1 . 2 . . . Machines | -11 -10 -9 -8 -7 -6 -5 -5 -5 -5 -5 ---------- Run | Scr Mat Mat Mat Fac Fac Fac Ext Cet Arc Hub Machines Disabled 39 | . . 1 2 10 11 3 1 5 4 2 Max in Single Turn 5 | . . 1 1 4 5 2 1 2 1 1 Garrison Access 1 | . . . . . 1 . . . . . Machines Sabotaged . | . . . . . . . . . . . Garrisons Compromised . | . . . . . . . . . . . Overloaded Fab Kills . | . . . . . . . . . . . Fab Network Shutdowns 1 | . . . . . 1 . . . . . Hacking | -11 -10 -9 -8 -7 -6 -5 -5 -5 -5 -5 --------- Run | Scr Mat Mat Mat Fac Fac Fac Ext Cet Arc Hub Machines Accessed 42 | . 7 6 2 4 9 3 7 3 1 . Terminals 33 | . 7 4 1 3 6 2 7 3 . . Fabricators 1 | . . . . . 1 . . . . . Repair Stations 4 | . . 2 . 1 . 1 . . . . Recycling Units . | . . . . . . . . . . . Scanalyzers 2 | . . . 1 . 1 . . . . . Garrison Access 1 | . . . . . 1 . . . . . Total Hacks 169 | . 30 28 8 15 31 8 16 8 25 . Successful 129 | . 20 18 6 12 25 4 11 8 25 . Failed 40 | . 10 10 2 3 6 4 5 . . . Catastrophic 2 | . 1 . . . . 1 . . . . Database Lockouts . | . . . . . . . . . . . Manual 2 | . . . . . . . . . 2 . Terminals 113 | . 30 18 4 11 21 5 16 8 . . Fabricators 1 | . . . . . 1 . . . . . Repair Stations 17 | . . 10 . 4 . 3 . . . . Recycling Units . | . . . . . . . . . . . Scanalyzers 12 | . . . 4 . 8 . . . . . Garrison Access 1 | . . . . . 1 . . . . . Terminal Hacks 101 | . 20 9 3 8 15 2 11 8 25 . Record 42 | . 2 1 . . 6 1 . 7 25 . Robot Analysis 1 | . . . . . . . 1 . . . Prototype ID Bank 7 | . 2 2 1 1 1 . . . . . Open Door 8 | . . . . . . 1 6 1 . . Level Access Points 2 | . 1 . . . 1 . . . . . Branch Access Points 3 | . 1 1 1 . . . . . . . Emergency Access Points 6 | . 2 2 1 1 . . . . . . Machine Index 1 | . . 1 . . . . . . . . Repair Station Index 1 | . . . . 1 . . . . . . Alert Level 2 | . 1 . . . 1 . . . . . Unreport Threat 1 | . 1 . . . . . . . . . Locate Traps 7 | . 3 . . 2 1 . 1 . . . Disarm Traps 1 | . . . . . . . 1 . . . Dispatch Records 2 | . . . . . 1 . 1 . . . Maintenance Status 1 | . . . . 1 . . . . . . Security Status 1 | . 1 . . . . . . . . . Surveillance Status 1 | . 1 . . . . . . . . . Patrol Status 1 | . 1 . . . . . . . . . Reinforcement Status 2 | . . 1 . . 1 . . . . . Hauler Manifests 3 | . 1 . . 1 . . 1 . . . Registered Components 2 | . 1 1 . . . . . . . . Zone Layout 6 | . 2 . . 1 3 . . . . . Fabricator Hacks 1 | . . . . . 1 . . . . . Build 1 | . . . . . 1 . . . . . Repair Station Hacks 15 | . . 9 . 4 . 2 . . . . Scan Component 8 | . . 5 . 2 . 1 . . . . Repair 7 | . . 4 . 2 . 1 . . . . Recycling Unit Hacks . | . . . . . . . . . . . Scanalyzer 11 | . . . 3 . 8 . . . . . Insert Component 6 | . . . 2 . 4 . . . . . Analyze 5 | . . . 1 . 4 . . . . . Garrison Access Hacks 1 | . . . . . 1 . . . . . Seal Access 1 | . . . . . 1 . . . . . Unauthorized Hacks . | . . . . . . . . . . . Terminals . | . . . . . . . . . . . Fabricators . | . . . . . . . . . . . Repair Stations . | . . . . . . . . . . . Recycling Units . | . . . . . . . . . . . Scanalyzers . | . . . . . . . . . . . Garrison Access . | . . . . . . . . . . . Data Cores Recovered 1 | . . . . . . 1 . . . . Used 1 | . . . . . . 1 . . . . Hacking Detections 35 | . 6 6 2 4 8 2 4 3 . . Full Trace Events 28 | . 6 5 2 4 7 2 1 1 . . Feedback Events 1 | . . 1 . . . . . . . . Corruption 1 | . . 1 . . . . . . . . Feedback Blocked . | . . . . . . . . . . . Robot Schematics Acquired . | . . . . . . . . . . . Robots Built . | . . . . . . . . . . . Matter . | . . . . . . . . . . . Time . | . . . . . . . . . . . Total Robot Build Rating . | . . . . . . . . . . . Part Schematics Acquired 5 | . . . 1 . 4 . . . . . Parts Built . | . . . . . . . . . . . Matter 234 | . . . . . 234 . . . . . Time 58 | . . . . . 58 . . . . . Total Part Build Rating . | . . . . . . . . . . . Parts Repaired 7 | . . 4 . 2 . 1 . . . . Time 165 | . . 65 . 87 . 13 . . . . Parts Recycled . | . . . . . . . . . . . Recycled Matter . | . . . . . . . . . . . Retrieved Matter . | . . . . . . . . . . . Retrieved Components . | . . . . . . . . . . . Parts Scanalyzed 5 | . . . 1 . 4 . . . . . Part Schematics Acquired 5 | . . . 1 . 4 . . . . . Parts Damaged . | . . . . . . . . . . . Bothacking | -11 -10 -9 -8 -7 -6 -5 -5 -5 -5 -5 ------------ Run | Scr Mat Mat Mat Fac Fac Fac Ext Cet Arc Hub Used RIF Installer . | . . . . . . . . . . . Robots Hacked . | . . . . . . . . . . . Non-combat . | . . . . . . . . . . . Combat . | . . . . . . . . . . . Robot Hacks Applied . | . . . . . . . . . . . Relay Couplers Released . | . . . . . . . . . . . Robots Rewired . | . . . . . . . . . . . Allies Hacked . | . . . . . . . . . . . Hacks Repelled . | . . . . . . . . . . . Allies | -11 -10 -9 -8 -7 -6 -5 -5 -5 -5 -5 -------- Run | Scr Mat Mat Mat Fac Fac Fac Ext Cet Arc Hub Total Allies 12 | . . . . . 3 . 9 . . . Largest Group 6 | . . . . . 1 . 6 1 . . Highest-Rated Group 312 | . . . . . 31 . 312 156 . . Highest-Rated Ally 156 | . . . . . 31 . 156 156 . . Total Orders 1 | . . . . . 1 . . . . . EXPLORE 1 | . . . . . 1 . . . . . Ally Attacks 133 | . . . . . 4 . 110 19 . . Total Damage 3901 | . . . . . 61 . 2672 1168 . . Kills 18 | . . . . . . . 14 4 . . Allies Corrupted . | . . . . . . . . . . . Allies Melted . | . . . . . . . . . . . Intel | -11 -10 -9 -8 -7 -6 -5 -5 -5 -5 -5 ------- Run | Scr Mat Mat Mat Fac Fac Fac Ext Cet Arc Hub Robot Analysis Total 1 | . . . . . . . 1 . . . Derelict Logs Recovered . | . . . . . . . . . . . Drone Launches 2 | . . . . . 2 . . . . . Drone Recoveries . | . . . . . . . . . . . Exploration | -11 -10 -9 -8 -7 -6 -5 -5 -5 -5 -5 ------------- Run | Scr Mat Mat Mat Fac Fac Fac Ext Cet Arc Hub Turns Passed 10341 | 111 429 1212 737 1861 2137 1356 847 902 476 273 Spaces Moved 4455 | 82 269 507 262 733 1015 596 398 363 127 103 Core 19 | 19 . . . . . . . . . . Treads 1010 | . . . . . . 19 398 363 127 103 Legs 3280 | 63 269 507 262 733 869 577 . . . . Wheels . | . . . . . . . . . . . Hover . | . . . . . . . . . . . Flight 146 | . . . . . 146 . . . . . Fastest Speed 50 | 50 120 150 180 155 150 122 160 160 160 160 Average Speed 165 | 117 128 164 190 198 164 149 160 160 160 160 Slowest Speed 300 | 150 150 180 300 300 249 180 160 180 160 160 Overloaded Moves . | . . . . . . . . . . . Propulsion Burnouts . | . . . . . . . . . . . Robots Hopped . | . . . . . . . . . . . Cave-ins Triggered 1 | . . . . 1 . . . . . . Exploration Rate (%) 40 | 6 48 60 25 18 28 14 56 91 91 11 Regions Visited 10 Branch Regions 4 Pre-discovered Areas . | . . . . . . . . . . . Known Exits Taken 10 | 1 1 1 1 1 1 1 1 1 1 . Unknown Exits Taken . | . . . . . . . . . . . Scrap Searched . | . . . . . . . . . . . Spaces Dug . | . . . . . . . . . . . Terrain Destroyed 246 | . . 1 12 27 138 20 5 17 12 14 Melee . | . . . . . . . . . . . Projectile 66 | . . 1 12 1 . 4 5 17 12 14 AOE 180 | . . . . 26 138 16 . . . . Actions | -11 -10 -9 -8 -7 -6 -5 -5 -5 -5 -5 --------- Run | Scr Mat Mat Mat Fac Fac Fac Ext Cet Arc Hub Total 6336 | 93 320 720 391 1002 1315 867 553 579 343 153 Wait 1050 | . 13 97 69 160 171 101 117 125 181 16 Move 4445 | 81 268 506 261 732 1014 595 397 362 126 103 Hop . | . . . . . . . . . . . Pick Up 62 | 4 6 10 1 11 9 8 4 5 4 . Fast Attach 42 | 7 . 6 1 6 1 12 3 6 . . Attach 56 | . 3 3 2 10 13 8 2 10 3 2 Detach 4 | . . . . . 1 2 . 1 . . Swap 54 | . 5 6 2 8 12 6 1 9 2 3 Drop 55 | . 6 10 1 5 9 7 2 13 1 1 Fire 554 | . 19 82 54 68 83 122 24 48 26 28 Melee . | . . . . . . . . . . . Ram . | . . . . . . . . . . . Kick 10 | 1 . . . 2 1 6 . . . . Crush 3 | . . . . . . . 3 . . . Escape Stasis . | . . . . . . . . . . . Rewire . | . . . . . . . . . . . Trap . | . . . . . . . . . . . Miscellaneous 1 | . . . . . 1 . . . . . Route ------- -11/Scrapyard -10/Materials (discovered 5 exits: *Mat x3 / Min x2) -9/Materials (discovered 2 exits: *Mat / *Min) -8/Materials -7/Factory -6/Factory (discovered 4 exits: *Fac x4) -5/Factory -5/Extension (discovered 3 exits: *Fac x2 / *Cet) -5/Cetus (discovered 3 exits: *Fac x2 / *Arc) -5/Archives (discovered 3 exits: *Fac / *Hub x2) -5/Hub_04(d) History --------- Turn | Location | Event 5 | -11/Scrapyard | Identified exit to Materials 5 | -11/Scrapyard | Discovered exit to Materials (range 16) 112 | -11/Scrapyard | Entered Materials 112 | -10/Materials | Evolved 1 slot: Utility x1 122 | -10/Materials | Identified exit to Materials 122 | -10/Materials | Identified exit to Mines 310 | -10/Materials | Build established: Mutant 541 | -10/Materials | Entered another Materials area 541 | -9/Materials | Evolved 2 slots: Utility x2 610 | -9/Materials | Repaired Propulsion Shielding 625 | -9/Materials | Repaired Ion Engine 639 | -9/Materials | Repaired Lgt. Cannon 1194 | -9/Materials | Identified exit to Mines 1194 | -9/Materials | Discovered exit to Mines (range 11) 1350 | -9/Materials | Repaired Ion Engine 1662 | -9/Materials | Identified exit to Materials 1662 | -9/Materials | Discovered exit to Materials (range 16) 1753 | -9/Materials | Entered another Materials area 1753 | -8/Materials | Evolved 2 slots: Power x1, Utility x1 2436 | -8/Materials | Identified exit to Factory 2436 | -8/Materials | Discovered exit to Factory (range 10) 2490 | -8/Materials | Entered Factory 2490 | -7/Factory | Evolved 2 slots: Utility x1, Weapon x1 2802 | -7/Factory | Build established: Tank 3231 | -7/Factory | Repaired Aluminum Leg 3283 | -7/Factory | Repaired Hvy. Ion Engine 3511 | -7/Factory | Lost 3 parts (1p2w) 3551 | -7/Factory | Crushed by falling debris 3582 | -7/Factory | Lost 6 parts (1p2n2u1w) 3835 | -7/Factory | Build established: Scavenger-Mutant 3860 | -7/Factory | Identified exit to Factory 3860 | -7/Factory | Discovered exit to Factory (range 11) 4351 | -7/Factory | Entered another Factory area 4351 | -6/Factory | Evolved 2 slots: Propulsion x2 4643 | -6/Factory | Build established: Scavenger-Gunner 5323 | -6/Factory | Lost 3 parts (1p2w) 5780 | -6/Factory | Build established: Scavenger-Mutant 5846 | -6/Factory | Local fabrication network quarantined 6125 | -6/Factory | Build established: Scavenger-Gunner 6455 | -6/Factory | Identified exit to Factory 6455 | -6/Factory | Discovered exit to Factory (range 15) 6488 | -6/Factory | Entered another Factory area 6488 | -5/Factory | Evolved 2 slots: Utility x2 7136 | -5/Factory | Identified exit to Extension 7136 | -5/Factory | Discovered exit to Extension (range 5) 7349 | -5/Factory | Repaired Hcp. Storage Unit 7668 | -5/Factory | Lost 7 parts (2p3n1u1w) 7844 | -5/Factory | Entered Extension 7898 | -5/Extension | Rescued a captive Derelict 7899 | -5/Extension | Rescued a captive Derelict 7973 | -5/Extension | Rescued a captive Derelict 7973 | -5/Extension | Rescued a captive Derelict 8093 | -5/Extension | P-70 Sage assimilated allied W4-AXK(b) 8117 | -5/Extension | Rescued a captive Derelict 8117 | -5/Extension | Rescued a captive Derelict 8246 | -5/Extension | Rescued A7 8316 | -5/Extension | Rescued a captive Derelict 8336 | -5/Extension | Rescued a captive Derelict 8379 | -5/Extension | Spotted B-75 Beast 8385 | -5/Extension | Spotted B-75 Beast 8410 | -5/Extension | Allies destroyed B-75 Beast 8417 | -5/Extension | Allies destroyed B-75 Beast 8448 | -5/Extension | Identified exit to Factory 8448 | -5/Extension | Discovered exit to Factory (range 3) 8640 | -5/Extension | Discovered exit to Factory (range 16) 8642 | -5/Extension | Identified exit to Cetus 8642 | -5/Extension | Discovered exit to Cetus (range 15) 8691 | -5/Extension | Entered Cetus 8691 | -5/Cetus | Accompanied by 1 ally 8696 | -5/Cetus | Acquired a Cetus Manufacturing Module code from A7 8716 | -5/Cetus | Spotted Cetus Guard 8716 | -5/Cetus | Spotted Cetus Guard 8726 | -5/Cetus | Allies destroyed Cetus Guard 8730 | -5/Cetus | Destroyed Cetus Guard 8733 | -5/Cetus | Spotted Cetus Guard 8735 | -5/Cetus | Destroyed Cetus Guard 8741 | -5/Cetus | Spotted Cetus Guard 8742 | -5/Cetus | Allies destroyed Cetus Guard 8879 | -5/Cetus | Escorted A7 to Cetus Mainframe 9184 | -5/Cetus | Discovered exit to Factory (range 16) 9399 | -5/Cetus | Extracted ID and sensor layout for unrecognized location from A7's data core 9417 | -5/Cetus | Identified exit to Archives 9417 | -5/Cetus | Discovered exit to Archives (range 16) 9446 | -5/Cetus | Spotted Cetus Guard 9446 | -5/Cetus | Spotted Cetus Guard 9450 | -5/Cetus | Spotted Cetus Guard 9457 | -5/Cetus | Destroyed Cetus Guard 9473 | -5/Cetus | Destroyed Cetus Guard 9474 | -5/Cetus | Spotted Cetus Guard 9478 | -5/Cetus | Destroyed Cetus Guard 9480 | -5/Cetus | Discovered exit to Factory (range 20) 9486 | -5/Cetus | Lost 3 parts (1u2w) 9498 | -5/Cetus | Met Revision 17 9593 | -5/Cetus | Entered Archives 9796 | -5/Archives | Core integrity fell below 50% 9874 | -5/Archives | Unable to access archive contents 9890 | -5/Archives | Unable to access archive contents 9895 | -5/Archives | Identified exit to Hub_04(d) 9895 | -5/Archives | Discovered exit to Hub_04(d) (range 16) 9914 | -5/Archives | Unable to access archive contents 9920 | -5/Archives | Discovered exit to Hub_04(d) (range 16) 9930 | -5/Archives | Unable to access archive contents 9935 | -5/Archives | Discovered exit to Factory (range 14) 10069 | -5/Archives | Entered Hub_04(d) 10313 | -5/Hub_04(d) | Core integrity fell below 20% 10343 | -5/Hub_04(d) | Core destroyed Last Messages --------------- 10334_ K-01 Serf collects debris. 10335_ Overheating: Matter decay (-69). 10335_ Penetrated by Slug. 10337_ Power failure, Rnf. Fission Core shutdown. 10337_ K-01 Serf collects debris. 10338_ Penetrated by Slug. 10339_ Overheating: Energy bleed (-54). 10339_ Slug penetrates G-50 Soldier. 10339_ Slug penetrates Wall. 10339_ U-05 Engineer builds a Wall. 10341_ Overheating: Hvy. Treads damaged (-102). 10341_ K-01 Serf collects debris. 10341_ Penetrated by Slug. 10342_ G-50 Soldier suffers critical hit. 10342_ Destroyed Lgt. Angular Momentum Engine. 10342_ Slug penetrates G-50 Soldier. 10342_ G-50 Soldier destroyed. 10342_ Slug penetrates Wall. 10342_ U-05 Engineer builds a Wall. 10343_ Overheating: Core damaged (-160). Map ----- +----------------------------------------------------+ | ## ### # #?????????????????????????????? | | " + # #?????????????????????????????? | | ## ###"""" # #?????????????????????????????? | | ?# #?#"""" + +?????????????????????????????? | | ?# #?#"""" # #?????????????????????????????? | | ?# #?#"""" # "?????????????????????????????? | | ?# #?# # #?????????????????????????????? | | ?# #?# # #?????????????????????????????? | | ?# #?########### #?????????????????????????????? | | ?# #?###########==!#??##########?????????????????? | | ## ### #!%*#??# #?????????????????? | | # ## % # = #??#] #?????????????????? | | # + """ #%= #??# = #?????????????????? | | # ## """" + ! #??# !!"""" #?????????????????? | | ##+### """" # ####==="""" #?????????????????? | | + """" # /!!%"""" #?????????????????? | | # # #### =="""" ###/##????????????? | | # # ##?; !%= / ?????? | | ############+##?##uk%"""" # ?????? | | #??????????????? # =%"""" #??????###????????? | | #????????????????+ """ #?????????????????? | | ######????????????????# %k"""" # / ?????????????? | | ??????????????????????#!=%= / #??????????????? | | ??????????????????????# [Y"""" # #??????????????? | | ??????????????????????# =!"""" #?????????????????? | | ??????????????????????# @"""" #?????????????????? | | ??????????????????????# """" #?????????????????? | | ??????????????????????# u #?????????????????? | | ??????????????????????##########?????????????????? | | ????????????????????????## ??????????????????????? | | ?????????????????????????? ??????????????????????? | | ?????????????????????????? ??????????????????????? | | ?????????????????????????? ??????????????????????? | | ?????????????????????????? ??????????????????????? | | ?????????????????????????? ??????????????????????? | | ?????????????????????????? #?????????????????????? | | ?????????????????????????? #?????????????????????? | | ???????????????????????????#?????????????????????? | | ?????????????????????????????????????????????????? | | ?????????????????????????????????????????????????? | | ?????????????????????????????????????????????????? | | ?????????????????????????????????????????????????? | | ?????????????????????????????????????????????????? | | ?????????????????????????????????????????????????? | | ?????????????????????????????????????????????????? | | ?????????????????????????????????????????????????? | | ?????????????????????????????????????????????????? | | ?????????????????????????????????????????????????? | | ?????????????????????????????????????????????????? | | ?????????????????????????????????????????????????? | +----------------------------------------------------+ Best States ------------- Heat Dissipation 40 Coolant Potential 65 Energy Generation 39 Energy Capacity 1360 Matter Stores 800 Matter Capacity 800 Sight Range 16 Terrain Scan Range 20 Terrain Scan Density 210 Corruption Prevention 12 Armor Coverage 675 Resistance: KI 55 Resistance: TH 35 Resistance: EX 35 Resistance: EM 35 Resistance: I 35 Resistance: S 35 Resistance: P 35 Core Shielding 30 Power Shielding 33 Propulsion Shielding 33 Evasion (%) 40 Targeting Accuracy 16 Target Analysis 6 Core Analysis 8 Recoil Reduction 4 Matter Filtering 30 Defensive Hacking 10 Item Schematics ----------------- Aluminum Leg | -8/Materials | Scanalyzed Carbon-fiber Leg | -6/Factory | Scanalyzed Coolant Injector | -6/Factory | Scanalyzed Flexi-carbon Leg | -6/Factory | Scanalyzed Gauss Rifle | -6/Factory | Scanalyzed Robot Schematics ------------------ None Fabricated ------------ Nothing Alien Tech Used ----------------- None Achievements -------------- Revising The Future Challenges ------------ None Game ------ Seed AntimissileHelicalScreen Manual? 0 Play Time 01:32:26 Cumulative 536.2 hours Start 2019.11.16 @ 10:14:15 End 2019.11.16 @ 15:08:29 Sessions 2 Manual Loads 0 Difficulty Explorer Special Mode None Game No. 541 Rogue 62 Adventurer 0 Explorer 479 Win Type - Total 0 Types 0/0/0/0/0/0/0 Lore% 69 Gallery% 73 Achievement% 51 Wizard Run 0 Options --------- ASCII 0 Keyboard 0 Movement Mouse Keybinds 0 Fullscreen 1 Font 24/Smallcaps Map View 76x50 Tactical HUD 1 Map Filters NONE Filters NONE Steam 1 RUN: 2b16a923-c4eb-481e-b048-e1a42d96360a